[Event "Titled Tuesday Blitz November 01 Early 2022"]
[White "Aung Thant Zin"]
[Black "Guliev, Logman"]
[WhiteFideId "13000063"]
[BlackFideId "13400061"]
[WhiteElo "2278"]
[BlackElo "2161"]
[Result "1/2-1/2"]
[Round "02"]
[TimeControl "180+1"]
[Date "2022.11.02"]
[WhiteClock "0:00:04"]
[BlackClock "0:00:08"]

1. e4 e5 2. Nf3 Nc6 3. d4 exd4 4. Nxd4 Nf6 5. Nc3 Bb4 6. Nxc6 bxc6 7. Bd3 d5 8. exd5 cxd5 9. O-O O-O 10. Bg5 c6 11. h3 Be7 12. Re1 Be6 13. Ne2 h6 14. Be3 c5 15. c3 Qd7 16. Nf4 Rfd8 17. Nxe6 fxe6 18. Bd2 Bd6 19. Qf3 Qf7 20. Rad1 Rf8 21. Qe2 Rae8 22. Bc2 e5 23. c4 d4 24. f3 Kh8 25. Rf1 Qh5 26. Be4 Nh7 27. b3 Rf6 28. Rde1 Ref8 29. Bd3 R8f7 30. Qe4 Nf8 31. Qd5 Qh4 32. Re2 Nh7 33. Re4 Qh5 34. f4 Bf8 35. fxe5 Rxf1+ 36. Bxf1 Kg8 37. e6 Rf5 38. g4 Rxd5 39. gxh5 Rxh5 40. e7 Bxe7 41. Rxe7 Nf6 42. Bg2 Rg5 43. Bxg5 hxg5 44. Re5 g4 45. hxg4 Nxg4 46. Rxc5 Ne3 47. Rd5 Nxd5 48. cxd5 Kf8 49. Kf1 Ke7 50. Ke2 Kd6 51. Kd3 Ke5 52. b4 g5 53. a4 g4 54. b5 g3 55. a5 Kd6 56. b6 Kc5 57. b7 a6 58. b8=Q 1/2-1/2


[Site "https://www.chess.com"]

[Event "Titled Tuesday Blitz November 01 Early 2022"]
[White "Aydin, Gulenay"]
[Black "Navara, David"]
[WhiteFideId "34557431"]
[BlackFideId "309095"]
[WhiteElo "2009"]
[BlackElo "2676"]
[Result "0-1"]
[Round "02"]
[TimeControl "180+1"]
[Date "2022.11.02"]
[WhiteClock "0:00:03"]
[BlackClock "0:00:57"]

1. e4 c6 2. d4 d5 3. exd5 cxd5 4. c4 Nf6 5. Nc3 Nc6 6. Bg5 Be6 7. Nf3 g6 8. c5 Ne4 9. Be3 Bg7 10. Bb5 O-O 11. O-O Bg4 12. Rc1 e5 13. Bxc6 bxc6 14. dxe5 Nxc3 15. bxc3 Bxe5 16. h3 Bxf3 17. Qxf3 Qa5 18. Bd4 Bxd4 19. cxd4 Rfe8 20. a3 Re4 21. Rfd1 Rb8 22. Qf6 Re6 23. Qf4 Rb2 24. Rb1 Qxa3 25. Rxb2 Qxb2 26. Kh2 Kg7 27. Rd2 Qc1 28. h4 Re4 29. Qg5 h6 0-1


[Site "https://www.chess.com"]

[Event "Titled Tuesday Blitz November 01 Early 2022"]
[White "Baches Garcia, Guillermo"]
[Black "Winkels, Marcel"]
[WhiteFideId "2209764"]
[BlackFideId "1003887"]
[WhiteElo "2451"]
[BlackElo "1900"]
[Result "1-0"]
[Round "02"]
[TimeControl "180+1"]
[Date "2022.11.02"]
[WhiteClock "0:00:50"]
[BlackClock "0:00:20"]

1. e4 c5 2. Nf3 d6 3. d4 cxd4 4. Nxd4 Nf6 5. Nc3 a6 6. Be3 e5 7. Nb3 Be6 8. f3 Nbd7 9. Qd2 h5 10. Be2 Be7 11. Nd5 Nxd5 12. exd5 Bf5 13. O-O Rc8 14. c4 O-O 15. Na5 Qc7 16. b4 Qb8 17. Rac1 Bd8 18. Nb3 a5 19. bxa5 Qa8 20. Qb4 Be7 21. f4 exf4 22. Bxf4 Nc5 23. Nxc5 dxc5 24. Qd2 Bf6 25. Bxh5 Bd4+ 26. Be3 g6 27. Bxd4 cxd4 28. Qxd4 Qxa5 29. Bf3 Qxa2 30. c5 Rfd8 31. d6 Qa6 32. Bd5 Rd7 33. g4 Be6 34. Bxe6 fxe6 35. Rf6 Rg7 36. Rxe6 Rf8 37. Re7 Rff7 38. Rxf7 Rxf7 39. d7 1-0


[Site "https://www.chess.com"]

[Event "Titled Tuesday Blitz November 01 Early 2022"]
[White "Bartel, Mateusz"]
[Black "Mitrovic, Darko R"]
[WhiteFideId "1112635"]
[BlackFideId "927023"]
[WhiteElo "2530"]
[BlackElo "2150"]
[Result "0-1"]
[Round "02"]
[TimeControl "180+1"]
[Date "2022.11.02"]
[WhiteClock "0:01:12"]
[BlackClock "0:00:07"]

1. b4 a5 2. b5 c5 3. a4 d5 4. Bb2 b6 5. Nf3 Nf6 6. e3 Bb7 7. d4 e6 8. dxc5 Bxc5 9. Bd3 O-O 10. O-O Nbd7 11. Nbd2 Qe7 12. Qe2 Ne4 13. Nb3 Bb4 14. Bxe4 dxe4 15. Nfd4 Rac8 16. Rfc1 f5 17. c3 Bd6 18. c4 Ne5 19. Rc2 Nd3 20. Rd1 f4 21. Qg4 fxe3 22. fxe3 Be5 23. Ba1 Rf6 24. Nc1 Rcf8 25. Nxd3 exd3 26. Rcd2 Rg6 27. Qh3 Rh6 28. Qxh6 gxh6 29. Nc6 Bxc6 30. Bxe5 Be4 31. Bd4 Qc7 32. Rc1 e5 33. Bb2 Qc5 34. Re1 Qxc4 35. Bxe5 Qxa4 36. Rb2 Qc4 37. Bd4 a4 38. Bxb6 a3 39. Rd2 Qxb5 40. Bd4 Qa5 41. Red1 a2 42. Rf2 Rxf2 43. Kxf2 Qa4 44. Ra1 Qc2+ 45. Kg3 Qxg2+ 46. Kf4 Qf3+ 47. Ke5 Qf5+ 48. Kd6 Qd5+ 49. Ke7 Qb7+ 50. Kf6 Qf7+ 51. Ke5 Qf5+ 52. Kd6 Kf7 53. Rg1 Qg6+ 54. Rxg6 hxg6 0-1


[Site "https://www.chess.com"]

[Event "Titled Tuesday Blitz November 01 Early 2022"]
[White "Bashirli, Saadat"]
[Black "Ginzburg, Yakov"]
[WhiteFideId "13429990"]
[BlackFideId "4157176"]
[WhiteElo "1408"]
[BlackElo "2305"]
[Result "0-1"]
[Round "02"]
[TimeControl "180+1"]
[Date "2022.11.02"]
[WhiteClock "0:00:02"]
[BlackClock "0:00:20"]

1. d4 d5 2. c4 c6 3. e3 Nf6 4. Nc3 a6 5. Bd3 b5 6. cxb5 cxb5 7. a3 Bg4 8. f3 Bh5 9. Nge2 e6 10. O-O Bg6 11. Qc2 Bxd3 12. Qxd3 Be7 13. e4 O-O 14. Bg5 Nc6 15. Rfd1 Rc8 16. Rd2 h6 17. Bf4 Qb6 18. Rc1 Rfd8 19. Be3 b4 20. Na4 Qb5 21. Qxb5 axb5 22. Nc5 bxa3 23. bxa3 dxe4 24. Nxe4 Nxe4 25. fxe4 Bxa3 26. Rb1 Na5 27. Rxb5 Nc4 28. Rd3 Nxe3 29. Rxe3 e5 30. Rxe5 Bb2 31. Rd3 Rc2 32. Kf2 Bxd4+ 33. Kf3 Bxe5 34. Rxd8+ Kh7 35. Rd7 Kg6 36. g3 Kf6 37. Ra7 Rc6 38. Ra8 h5 39. Rh8 g6 40. Ra8 Rb6 41. Rc8 Rb3+ 42. Kf2 Bb8 43. Rc6+ Ke5 44. Rc4 Ba7+ 45. Kg2 Rb2 46. Kf3 g5 47. h3 g4+ 48. hxg4 hxg4+ 49. Kxg4 Rxe2 50. Rc7 Rxe4+ 51. Kh3 Bb8 52. Rxf7 Kd4 53. g4 Bf4 54. Kh4 Be3 55. Kh5 Re5+ 56. Rf5 Re6 57. g5 Ke4 58. Ra5 Re8 59. g6 Bd4 60. g7 Bxg7 61. Kg6 Bd4 62. Kf7 Rb8 63. Ra2 Kd5 64. Re2 Rb7+ 65. Kg6 Be5 66. Kf5 Rf7+ 67. Kg6 Rf1 68. Rd2+ Ke6 69. Ra2 Rg1+ 70. Kh5 Kf5 71. Rf2+ Bf4 72. Rh2 Bxh2 73. Kh6 Be5 0-1


[Site "https://www.chess.com"]

[Event "Titled Tuesday Blitz November 01 Early 2022"]
[White "Belozerov, Andrei"]
[Black "Salem, A.R. Saleh"]
[WhiteFideId "4120213"]
[BlackFideId "9301348"]
[WhiteElo "2360"]
[BlackElo "2628"]
[Result "1-0"]
[Round "02"]
[TimeControl "180+1"]
[Date "2022.11.01"]
[WhiteClock "0:00:03"]
[BlackClock "0:00:17"]

1. d4 d5 2. c4 e6 3. Nc3 Nf6 4. cxd5 exd5 5. Bg5 c6 6. e3 h6 7. Bh4 Be7 8. Bd3 O-O 9. Nge2 Re8 10. Qc2 Nbd7 11. O-O Nh5 12. Bxe7 Qxe7 13. Rab1 Nb6 14. b4 a6 15. a4 Bg4 16. a5 Nc8 17. Na4 Nd6 18. Nc5 Rad8 19. h3 Bc8 20. Rbe1 Qg5 21. Kh2 Qh4 22. Ng1 Nf6 23. Nf3 Qh5 24. Ne5 Ng4+ 25. Nxg4 Bxg4 26. Be2 Bxe2 27. Qxe2 Qg6 28. Qg4 Qf6 29. Qg3 Re7 30. Rc1 Rde8 31. Qf3 Qxf3 32. gxf3 Nf5 33. Rg1 Rd8 34. Rg4 g6 35. Rgg1 Kf8 36. Kg2 Rd6 37. Kf1 Rf6 38. f4 Ke8 39. Nd3 Kd8 40. Ne5 Kc7 41. Ke2 Rfe6 42. Kd3 Nd6 43. Rc2 Re8 44. Rg2 Kc8 45. Rg1 g5 46. fxg5 hxg5 47. Nxc6 bxc6 48. Rxc6+ Kb7 49. Rb6+ Ka7 50. Rxg5 Ne4 51. Rxd5 Rxb6 52. axb6+ Kxb6 53. Rf5 Nd6 54. Rf6 Kc7 55. f3 Rb8 56. e4 Rxb4 57. e5 Nb5 58. Rxa6 Rxd4+ 59. Ke3 Kd7 60. f4 Rb4 61. h4 Nc3 62. Ra7+ Ke6 63. Ra6+ Ke7 64. Ra7+ Kf8 65. Ra5 Nb5 66. h5 Nd4 67. Ra8+ Kg7 68. Ra7 Nf5+ 69. Kf3 Rc4 70. Rb7 Ra4 71. Kg4 Nd4 72. Kg3 Ne2+ 73. Kf3 Nxf4 74. h6+ Kg6 75. h7 Kg7 76. Rxf7+ Kh8 77. Rxf4 Ra3+ 78. Kg4 Ra6 79. Kf5 Kxh7 80. Rg4 Ra5 81. Kf6 Ra1 82. e6 Rf1+ 83. Ke7 Kh6 84. Ke8 Rf2 85. e7 Kh7 86. Rd4 Ra2 87. Kd7 Ra7+ 88. Ke6 Ra6+ 89. Rd6 Ra1 90. e8=Q Re1+ 91. Kd7 1-0


[Site "https://www.chess.com"]

[Event "Titled Tuesday Blitz November 01 Early 2022"]
[White "Biastoch, Bennet"]
[Black "Shimelkov, Vasiliy"]
[WhiteFideId "12939889"]
[BlackFideId "13701630"]
[WhiteElo "2221"]
[BlackElo "2073"]
[Result "1-0"]
[Round "02"]
[TimeControl "180+1"]
[Date "2022.11.02"]
[WhiteClock "0:00:43"]
[BlackClock "0:00:09"]

1. e4 c6 2. Nc3 d5 3. Nf3 dxe4 4. Nxe4 Nf6 5. Qe2 Nxe4 6. Qxe4 Qd5 7. Qh4 Qf5 8. Bc4 e6 9. d3 b5 10. Bb3 Be7 11. Qg3 O-O 12. O-O a5 13. a4 Na6 14. axb5 Qxb5 15. Bc4 Qb6 16. Be3 Qd8 17. Bd4 Bf6 18. Bxf6 Qxf6 19. Rxa5 Qxb2 20. h4 Bb7 21. Rfa1 Nb4 22. Qc7 Nxc2 23. R1a2 Qb1+ 24. Kh2 h6 25. Ne5 Rxa5 26. Rxa5 Nd4 27. Ra7 Ne2 28. Nf3 Bc8 29. Ra8 Qb7 30. Qxb7 Bxb7 31. Ra7 Rb8 32. Ne5 Bc8 33. Nxc6 1-0


[Site "https://www.chess.com"]

[Event "Titled Tuesday Blitz November 01 Early 2022"]
[White "Bogaudinov, Rushan"]
[Black "Shipov, Sergei"]
[WhiteFideId "4129288"]
[BlackFideId "4113624"]
[WhiteElo "1945"]
[BlackElo "2756"]
[Result "0-1"]
[Round "02"]
[TimeControl "180+1"]
[Date "2022.11.02"]
[WhiteClock "0:00:22"]
[BlackClock "0:01:41"]

1. a3 e5 2. e3 d5 3. d4 Nd7 4. c4 exd4 5. Qxd4 dxc4 6. Bxc4 Ngf6 7. Nf3 Bd6 8. Nc3 a6 9. b4 O-O 10. Bb2 Nb6 11. Bb3 Qe7 12. O-O c5 13. bxc5 Bxc5 14. Qh4 h6 15. a4 Be6 16. Bxe6 Qxe6 17. a5 Nc4 18. Na4 Be7 19. Nd4 Qe4 20. Qxe4 Nxe4 21. Nf5 Bf6 22. Bxf6 Nxf6 23. Rfc1 Nxa5 24. Nb6 Nb3 25. Nxa8 Rxa8 26. Nd6 Nxc1 27. Rxc1 b5 28. f3 b4 29. Rc7 a5 30. Rb7 Nd5 31. e4 a4 32. Nb5 a3 33. Nd4 a2 34. Nb3 a1=Q+ 35. Nxa1 Rxa1+ 36. Kf2 Ra2+ 37. Kg3 Ne3 38. Rxb4 Rxg2+ 39. Kf4 Nc2 40. Rb8+ Kh7 41. h4 Nd4 42. Ke3 Ne6 43. Rb7 f6 44. Re7 Nf8 45. Kf4 Ng6+ 0-1


[Site "https://www.chess.com"]

[Event "Titled Tuesday Blitz November 01 Early 2022"]
[White "Bordi, Kevin"]
[Black "Nurmanova, Alua"]
[WhiteFideId "621862"]
[BlackFideId "13729390"]
[WhiteElo "2798"]
[BlackElo "2088"]
[Result "1-0"]
[Round "02"]
[TimeControl "180+1"]
[Date "2022.11.02"]
[WhiteClock "0:01:09"]
[BlackClock "0:00:21"]

1. e4 c5 2. Nf3 d6 3. d4 cxd4 4. Nxd4 Nf6 5. Nc3 a6 6. Rg1 e5 7. Nb3 Be6 8. g4 Nc6 9. g5 Nd7 10. Be3 Qc7 11. Qd2 b5 12. O-O-O Be7 13. Kb1 O-O 14. h4 Rfb8 15. h5 Nf8 16. Nd5 Bxd5 17. Qxd5 Nb4 18. Qd2 a5 19. f4 exf4 20. Bxf4 Ne6 21. Be3 a4 22. Qxb4 axb3 23. Qxb3 Nc5 24. Bxc5 Qxc5 25. Bd3 Bxg5 26. Rdf1 Ra7 27. Rg2 h6 28. Rgf2 Rbb7 29. Rf5 Qd4 30. Qd5 Qa4 31. Qb3 Qd4 32. Rxb5 Rxb5 33. Bxb5 Qxe4 34. a4 Bf6 35. Bd3 Qb7 36. Qxb7 Rxb7 37. b3 Bc3 38. Bc4 Kf8 39. Rf3 Bf6 40. a5 Bd4 41. a6 Ra7 42. c3 Bb6 43. Kc2 Ke8 44. b4 g6 45. Rf6 Ke7 46. Rxf7+ 1-0


[Site "https://www.chess.com"]

[Event "Titled Tuesday Blitz November 01 Early 2022"]
[White "Bortnyk, Olexandr"]
[Black "Garcia, Erick"]
[WhiteFideId "14120828"]
[BlackFideId "2058880"]
[WhiteElo "2723"]
[BlackElo "2202"]
[Result "1-0"]
[Round "02"]
[TimeControl "180+1"]
[Date "2022.11.01"]
[WhiteClock "0:00:48"]
[BlackClock "0:01:11"]

1. e4 e5 2. Nf3 Nc6 3. Bb5 a6 4. Ba4 Nf6 5. Qe2 b5 6. Bb3 Bc5 7. c3 d6 8. h3 O-O 9. d3 Be6 10. Nbd2 Re8 11. Nf1 h6 12. g4 Nh7 13. Ng3 d5 14. O-O a5 15. Be3 Bf8 16. Rfd1 d4 17. Bxe6 Rxe6 18. cxd4 Nxd4 19. Nxd4 exd4 20. Bd2 c5 21. Rac1 Rc8 22. b3 Rec6 23. e5 Qd5 24. Qe4 Qxe4 25. Nxe4 Ra8 26. Rc2 a4 27. Rdc1 axb3 28. axb3 Rac8 29. f4 Be7 30. Bb4 Nf8 31. Kg2 Nd7 32. Kf3 Bf8 33. h4 Nb6 34. Bxc5 Nc4 35. bxc4 1-0


[Site "https://www.chess.com"]

[Event "Titled Tuesday Blitz November 01 Early 2022"]
[White "Brown, Andrew"]
[Black "Safin, Robert"]
[WhiteFideId "3206513"]
[BlackFideId "34189120"]
[WhiteElo "2245"]
[BlackElo "2219"]
[Result "1-0"]
[Round "02"]
[TimeControl "180+1"]
[Date "2022.11.02"]
[WhiteClock "0:00:09"]
[BlackClock "0:00:01"]

1. d4 Nf6 2. c4 e6 3. Nc3 Bb4 4. Nf3 O-O 5. Bg5 c5 6. d5 b5 7. cxb5 a6 8. e4 exd5 9. e5 d4 10. Nxd4 cxd4 11. Qxd4 Qe7 12. Bd3 Bxc3+ 13. bxc3 d6 14. Bxf6 gxf6 15. O-O Qxe5 16. Qh4 f5 17. Rae1 Qg7 18. Re3 Kh8 19. Rg3 Qe5 20. Qh6 Nd7 21. f4 Qf6 22. Qh5 axb5 23. Bxf5 h6 24. Rh3 1-0


[Site "https://www.chess.com"]

[Event "Titled Tuesday Blitz November 01 Early 2022"]
[White "Buscar, Michael"]
[Black "Azarov, Sergei"]
[WhiteFideId "2603616"]
[BlackFideId "13501470"]
[WhiteElo "2010"]
[BlackElo "2494"]
[Result "0-1"]
[Round "02"]
[TimeControl "180+1"]
[Date "2022.11.02"]
[WhiteClock "0:00:19"]
[BlackClock "0:01:18"]

1. d4 Nf6 2. c4 e6 3. Nc3 Bb4 4. e3 O-O 5. Bd3 d5 6. Ne2 dxc4 7. Bxc4 c5 8. a3 Bxc3+ 9. Nxc3 cxd4 10. exd4 Nc6 11. Be3 b6 12. O-O Bb7 13. Qd3 Rc8 14. Rad1 h6 15. Ba2 Ne7 16. Bb1 Nf5 17. Bf4 Nd5 18. Be5 Qg5 19. Ne4 Qg6 20. Ng3 Nxg3 21. Bxg3 Qxd3 22. Bxd3 f6 23. f4 Ne3 24. Rd2 Nxf1 25. Kxf1 Rc1+ 26. Kf2 f5 27. Bh4 Kf7 28. h3 Rfc8 29. Ke3 Rg1 30. g4 Rh1 0-1


[Site "https://www.chess.com"]

[Event "Titled Tuesday Blitz November 01 Early 2022"]
[White "Cadena M, Gustavo Adolfo"]
[Black "Madaminov, Mukhiddin"]
[WhiteFideId "4404815"]
[BlackFideId "14210703"]
[WhiteElo "2591"]
[BlackElo "2854"]
[Result "0-1"]
[Round "02"]
[TimeControl "180+1"]
[Date "2022.11.02"]
[WhiteClock "0:00:19"]
[BlackClock "0:00:14"]

1. d4 Nf6 2. c4 e6 3. Nf3 d5 4. g3 dxc4 5. Qa4+ Nbd7 6. Qxc4 a6 7. Bg2 b5 8. Qc2 Bb7 9. O-O c5 10. dxc5 Bxc5 11. Bg5 Rc8 12. Qb3 h6 13. Bf4 O-O 14. Nc3 Nd5 15. Bd2 Be7 16. Rac1 Nc5 17. Qd1 Qb6 18. Qe1 Bf6 19. Nxd5 Bxd5 20. b3 Ne4 21. Bb4 Rfe8 22. Nd2 Qb7 23. Nxe4 Bxe4 24. f3 Rxc1 25. Qxc1 Rc8 26. Qd2 Rc2 27. Qd1 Bg6 28. a3 Qb6+ 29. Kh1 Qe3 30. f4 Qxe2 31. Qxe2 Rxe2 32. Rd1 Bc2 33. Rc1 Bxb3 34. Kg1 Bd4+ 35. Kh1 Bc4 36. Rd1 e5 37. fxe5 Bxe5 38. Bf3 Re3 39. Bb7 a5 40. Bxa5 Rxa3 41. Bb4 Re3 42. Bc5 Re2 43. Bf3 Ra2 44. Be4 g6 45. Rd8+ Kg7 46. Bf8+ Kf6 47. Bxh6 Re2 48. Bf3 Rf2 49. Be4 Ke7 50. Rd1 Re2 51. Bg5+ f6 52. Bf3 fxg5 53. Bxe2 Bxe2 54. Re1 Bf3+ 55. Kg1 Kd6 56. Kf1 g4 57. Rb1 Kc5 58. Rb3 b4 59. Re3 Bc3 60. Re8 b3 61. Rc8+ Kb4 62. Rb8+ Kc4 63. Kf2 b2 64. h3 Be4 65. hxg4 b1=Q 66. Rxb1 Bxb1 67. Kg2 g5 68. Kh3 Bf6 69. Kg2 Kd3 70. Kf3 Kd2 71. Kf2 Be4 72. Kg1 Ke2 73. Kh2 Kf2 74. Kh3 Bf3 75. Kh2 Bxg4 76. Kh1 Kxg3 77. Kg1 Be2 78. Kh1 Be5 79. Kg1 Bd4+ 80. Kh1 Bf3# 0-1


[Site "https://www.chess.com"]

[Event "Titled Tuesday Blitz November 01 Early 2022"]
[White "Caruana, Fabiano"]
[Black "Grover, Sahaj"]
[WhiteFideId "2020009"]
[BlackFideId "5021103"]
[WhiteElo "2847"]
[BlackElo "2432"]
[Result "1-0"]
[Round "02"]
[TimeControl "180+1"]
[Date "2022.11.01"]
[WhiteClock "0:01:38"]
[BlackClock "0:00:55"]

1. Nc3 e5 2. Nf3 Nc6 3. d4 exd4 4. Nxd4 Nge7 5. Bf4 d6 6. e4 g6 7. Qd2 Bg7 8. Nf3 Bg4 9. O-O-O Qd7 10. Kb1 a6 11. Be2 O-O 12. h3 Be6 13. h4 h5 14. Ng5 Nd4 15. Bd3 c5 16. f3 b5 17. Ne2 Ndc6 18. c3 b4 19. c4 Ne5 20. Bxe5 Bxe5 21. f4 Bg7 22. f5 gxf5 23. Nf4 Ng6 24. Ngxe6 fxe6 25. Nxg6 Rf6 26. exf5 exf5 27. Nf4 a5 28. Nxh5 1-0


[Site "https://www.chess.com"]

[Event "Titled Tuesday Blitz November 01 Early 2022"]
[White "Chernov, Mikhail"]
[Black "Goltsev, Dmitry"]
[WhiteFideId "24143170"]
[BlackFideId "24176710"]
[WhiteElo "2113"]
[BlackElo "2257"]
[Result "0-1"]
[Round "02"]
[TimeControl "180+1"]
[Date "2022.11.02"]
[WhiteClock "0:00:54"]
[BlackClock "0:01:50"]

1. e4 e6 2. d4 d5 3. c4 dxe4 4. Nc3 Nf6 5. f3 exf3 6. Nxf3 Bb4 7. Be3 Nc6 8. Qc2 Qe7 9. O-O-O O-O 10. Bd3 h6 11. h3 b6 12. g4 e5 13. g5 hxg5 14. Bxg5 Bxc3 15. bxc3 e4 16. Bxf6 exd3 17. Qg2 Qxf6 18. Rdf1 Bf5 19. Rhg1 Be4 20. Qg3 Bxf3 21. Rxf3 Qh6+ 22. Kb2 d2 23. Rf4 Rae8 24. Rh4 d1=Q 25. Rxd1 Re2+ 26. Ka1 Qe3 0-1


[Site "https://www.chess.com"]

[Event "Titled Tuesday Blitz November 01 Early 2022"]
[White "Chong, Kai Ni Agnes"]
[Black "Ibadov, Dashgyn"]
[WhiteFideId "5722071"]
[BlackFideId "24107514"]
[WhiteElo "1762"]
[BlackElo "2208"]
[Result "1-0"]
[Round "02"]
[TimeControl "180+1"]
[Date "2022.11.02"]
[WhiteClock "0:00:05"]
[BlackClock "0:00:02"]

1. d4 d5 2. c4 c6 3. cxd5 cxd5 4. Nc3 Nf6 5. Bf4 Nc6 6. e3 Bf5 7. Qb3 Na5 8. Qa4+ Bd7 9. Qc2 e6 10. Bd3 Rc8 11. Nf3 Nc4 12. O-O Bb4 13. Rac1 O-O 14. a3 Nxa3 15. Qb3 Bxc3 16. Qxa3 Ba5 17. Bd6 Re8 18. Rxc8 Bxc8 19. Ne5 Bb6 20. Rc1 Nd7 21. Bb5 f6 22. Nf3 a6 23. Ba4 Kf7 24. Ne1 Rg8 25. Nd3 Nf8 26. Be7 Qxe7 27. Qxe7+ Kxe7 28. Rxc8 Bd8 29. Nc5 b5 30. Bd1 a5 31. Rb8 Bc7 32. Ra8 Rh8 33. Be2 b4 34. Bb5 Ng6 35. Ra7 Kd6 36. Ra6+ Ke7 37. Ra7 Kd6 38. Nb7+ Ke7 39. Nxa5 Kd6 40. Nc6 Rc8 41. h3 Bb6 42. Rxg7 Rxc6 43. Bxc6 Kxc6 44. Rxh7 1-0


[Site "https://www.chess.com"]

[Event "Titled Tuesday Blitz November 01 Early 2022"]
[White "Colas, Joshua"]
[Black "Dubov, Daniil"]
[WhiteFideId "2044447"]
[BlackFideId "24126055"]
[WhiteElo "2347"]
[BlackElo "2791"]
[Result "0-1"]
[Round "02"]
[TimeControl "180+1"]
[Date "2022.11.01"]
[WhiteClock "0:00:04"]
[BlackClock "0:01:39"]

1. Nf3 d5 2. g3 Nf6 3. Bg2 c5 4. O-O g6 5. b3 Nc6 6. Bb2 d4 7. c3 Bg7 8. cxd4 cxd4 9. d3 O-O 10. b4 Qb6 11. a3 Nd5 12. Nbd2 Nc3 13. Bxc3 dxc3 14. Nc4 Qb5 15. Qc2 Be6 16. Ne3 a5 17. a4 Qxb4 18. Rfb1 Qc5 19. Rb5 Qa7 20. Rc1 Rfc8 21. Qb1 Rab8 22. Nc2 Bd7 23. e3 Nd8 24. Rb6 Bxa4 25. Ncd4 c2 26. Qb2 Nc6 27. Nxc6 Rxc6 0-1


[Site "https://www.chess.com"]

[Event "Titled Tuesday Blitz November 01 Early 2022"]
[White "Cramling Bellon, Anna"]
[Black "Celestino, Rafael Teixeira"]
[WhiteFideId "32009232"]
[BlackFideId "2108925"]
[WhiteElo "1972"]
[BlackElo "2445"]
[Result "0-1"]
[Round "02"]
[TimeControl "180+1"]
[Date "2022.11.02"]
[WhiteClock "0:00:03"]
[BlackClock "0:01:39"]

1. d4 Nf6 2. c4 e6 3. Nc3 d5 4. cxd5 exd5 5. Bg5 Bb4 6. e3 h6 7. Bh4 g5 8. Bg3 Ne4 9. Qc2 Bf5 10. Bd3 Qf6 11. Be5 Qc6 12. Bxh8 Nxc3 13. Bxf5 Ne4+ 14. Kd1 Qb5 15. Nf3 Nd6 16. Bd3 Qb6 17. Be5 Nc6 18. Nd2 O-O-O 19. a3 Ba5 20. Nb3 f6 21. Bxd6 Rxd6 22. Nxa5 Nxa5 23. Ke2 Nb3 24. Rad1 a5 25. Bf5+ Kb8 26. Qd3 Rc6 27. f3 a4 28. e4 Rc4 29. exd5 Nxd4+ 30. Kf2 Qxb2+ 31. Kg3 Ne2+ 32. Kf2 Nf4+ 33. Ke3 Nxg2# 0-1


[Site "https://www.chess.com"]

[Event "Titled Tuesday Blitz November 01 Early 2022"]
[White "Csonka, Balazs"]
[Black "Brueckner, Thomas"]
[WhiteFideId "742910"]
[BlackFideId "4600452"]
[WhiteElo "2404"]
[BlackElo "2332"]
[Result "1-0"]
[Round "02"]
[TimeControl "180+1"]
[Date "2022.11.02"]
[WhiteClock "0:00:06"]
[BlackClock "0:00:01"]

1. e4 e5 2. Nf3 Nc6 3. Bb5 a6 4. Ba4 Nf6 5. O-O b5 6. Bb3 Bc5 7. a4 Rb8 8. c3 d6 9. d4 Bb6 10. a5 Ba7 11. h3 h6 12. Be3 Ra8 13. dxe5 Nxe5 14. Nxe5 dxe5 15. Qxd8+ Kxd8 16. Bxa7 Rxa7 17. Bxf7 Ke7 18. Bg6 Rd8 19. Na3 c5 20. Nc2 Rd2 21. Rac1 Be6 22. b4 Rc7 23. Ne3 c4 24. Rfd1 Rd3 25. Kf1 Bc8 26. Ke2 Rcd7 27. Bf5 Rxd1 28. Rxd1 Rxd1 29. Kxd1 Bb7 30. f3 Kf7 31. h4 g6 32. Bh3 h5 33. Ke1 Ke7 34. g3 Kf7 35. Bg2 Ke7 36. Kf2 Kd6 37. Nf1 Bc6 38. Nd2 Bb7 39. Ke3 Bc6 40. Bh3 Bb7 41. f4 Ng4+ 42. Bxg4 hxg4 43. Nf1 Bc8 44. Nh2 Be6 45. Nf1 Bc8 46. Nd2 Be6 47. Nb1 Bc8 48. Na3 Bd7 49. Nc2 Bc8 50. Ne1 Bd7 51. Kf2 Bc8 52. Nc2 Bb7 53. Ke3 Ke6 54. Na3 Kd6 55. Nb1 Ke6 56. Nd2 Kd6 57. Nf1 Ke6 58. Nh2 exf4+ 59. Kxf4 Kf7 60. Nxg4 Bc8 61. Ne5+ Kf6 62. g4 Be6 63. g5+ Kg7 64. Nf3 Kf7 65. Nd4 Bd7 66. Ke5 Ke7 67. Ne2 Bg4 68. Nf4 Bd7 69. Nxg6+ 1-0


[Site "https://www.chess.com"]

[Event "Titled Tuesday Blitz November 01 Early 2022"]
[White "De Souza, Cristiano Gomes"]
[Black "Terzi, Alexei"]
[WhiteFideId "2151758"]
[BlackFideId "13505076"]
[WhiteElo "2068"]
[BlackElo "2172"]
[Result "1-0"]
[Round "02"]
[TimeControl "180+1"]
[Date "2022.11.02"]
[WhiteClock "0:00:27"]
[BlackClock "0:00:02"]

1. d4 Nf6 2. c4 c5 3. d5 b5 4. cxb5 a6 5. bxa6 g6 6. Nc3 Bg7 7. Nf3 O-O 8. Rb1 Bxa6 9. g3 d6 10. Bg2 Bc8 11. Nh4 Ne8 12. Bd2 Nc7 13. O-O Nba6 14. b3 Nb4 15. a4 Bb7 16. e4 Ba6 17. Re1 Nd3 18. Re3 c4 19. Nf3 cxb3 20. Bf1 Nc5 21. Bxa6 Rxa6 22. Nb5 Nxb5 23. axb5 Ra2 24. Bb4 Qb6 25. Nd4 Bxd4 26. Qxd4 Qxb5 27. Bxc5 dxc5 28. Qe5 c4 29. Qxe7 Rfa8 30. Qf6 b2 31. Kg2 R8a6 32. d6 Qb7 33. Rf3 Rb6 34. e5 Qd7 35. h4 1-0


[Site "https://www.chess.com"]

[Event "Titled Tuesday Blitz November 01 Early 2022"]
[White "Deac, Bogdan-Daniel"]
[Black "Al Hosani, Omran"]
[WhiteFideId "1226380"]
[BlackFideId "9308733"]
[WhiteElo "2648"]
[BlackElo "2167"]
[Result "1-0"]
[Round "02"]
[TimeControl "180+1"]
[Date "2022.11.01"]
[WhiteClock "0:00:12"]
[BlackClock "0:00:04"]

1. Nf3 Nf6 2. g3 d5 3. Bg2 Bf5 4. c4 e6 5. cxd5 exd5 6. Qb3 Qc8 7. Nc3 c6 8. d3 Be7 9. Nd4 Bd7 10. e4 dxe4 11. dxe4 O-O 12. O-O Na6 13. f3 Bc5 14. Be3 Be6 15. Qc2 Rd8 16. Rfd1 Nb4 17. Qe2 a5 18. a3 Na6 19. Rac1 Bh3 20. Na4 Ba7 21. Bxh3 Qxh3 22. Nf5 Bxe3+ 23. Qxe3 Qh5 24. Qf4 Re8 25. Kg2 Qg6 26. Rd6 Nh5 27. Qh4 Nf6 28. Rcd1 h6 29. Nb6 Rab8 30. Nd7 Nxd7 31. Rxg6 fxg6 32. Nxh6+ gxh6 33. Rxd7 Nc5 34. Rd6 Ne6 35. Qxh6 Nf8 36. Qg5 Rbc8 37. h4 Rc7 38. h5 Rg7 39. hxg6 Ne6 40. Rxe6 Rxe6 41. Qd8+ 1-0


[Site "https://www.chess.com"]

[Event "Titled Tuesday Blitz November 01 Early 2022"]
[White "Devaev, Alexander"]
[Black "Iliaguev, Nisim"]
[WhiteFideId "4169395"]
[BlackFideId "2817276"]
[WhiteElo "2225"]
[BlackElo "2264"]
[Result "0-1"]
[Round "02"]
[TimeControl "180+1"]
[Date "2022.11.02"]
[WhiteClock "0:00:10"]
[BlackClock "0:01:16"]

1. Nf3 g6 2. d4 Bg7 3. c4 d6 4. h3 Nf6 5. Nc3 O-O 6. e4 c5 7. d5 e6 8. Bd3 exd5 9. cxd5 Re8 10. O-O a6 11. a4 Qc7 12. Re1 Nbd7 13. Bf4 c4 14. Bc2 Nh5 15. Be3 Ne5 16. Nd4 Bd7 17. f4 Nd3 18. Bxd3 cxd3 19. Qxd3 Rac8 20. Rac1 Qc4 21. Qd2 Bxd4 22. Bxd4 Nxf4 23. Red1 g5 24. h4 Bxa4 25. Nxa4 Qxa4 26. Rxc8 Rxc8 27. hxg5 Qxd4+ 28. Qxd4 Ne2+ 29. Kh2 Nxd4 30. Rxd4 Kf8 31. Kg3 Ke7 32. b4 b5 33. Rd2 Rc4 34. Ra2 Rxb4 35. Rxa6 Rxe4 36. Ra7+ Kf8 37. Rb7 b4 38. Rb6 Ke7 39. Rb7+ Ke8 40. Rb8+ Kd7 41. Rb7+ Kc8 42. Rxf7 b3 43. Rf2 Rb4 44. Rb2 Kc7 45. Kf3 Kb6 46. Ke3 Kc5 47. Kd3 Kxd5 48. Kc3 Rb8 49. Rd2+ Ke5 50. Kb2 d5 51. Rf2 d4 52. Rf7 d3 53. Rxh7 Rd8 54. Rh1 d2 55. Rd1 Ke4 56. g6 Ke3 57. Kxb3 Ke2 58. Rh1 d1=Q+ 0-1


[Site "https://www.chess.com"]